 Dungeon Crawl Stone Soup version 0.20.1-1-g8b1a95d (console) character file.

568 hilaritas the Ruffian (level 7, -7/52 HPs)
             Began as a Pale Draconian Transmuter on Jan 20, 2018.
             Killed from afar by an orc wizard (8 damage)
             ... with a magic dart
             ... on level 4 of the Dungeon.
             The game lasted 00:14:52 (4135 turns).

hilaritas the Ruffian (Pale Draconian Transmuter)   Turns: 4135, Time: 00:14:53

Health: -7/52      AC:  2    Str: 12    XL:     7   Next: 11%
Magic:  8/10       EV: 19    Int: 16    God:
Gold:   166        SH:  0    Dex: 16    Spells: 1/10 levels left

rFire    . . .     SeeInvis +     - Unarmed
rCold    . . .     Gourm    .   (shield currently unavailable)
rNeg     . . .     Faith    .   (armour unavailable)
rPois    x         Spirit   .   (helmet currently unavailable)
rElec    .         Reflect  .   (cloak currently unavailable)
rCorr    .         Harm     .   (gloves currently unavailable)
MR       .....                  (boots currently unavailable)
Stlth    +.........             (no amulet)
Regen    0.2/turn               j - ring of see invisible
MPRegen  0.2/turn               (no ring)

@: spider-form (expiring)
A: (breathe steam), unfitting armour, AC +6
a: End Transformation


You were on level 4 of the Dungeon.
You were very hungry.
You were a venomous arachnid creature.
You visited 1 branch of the dungeon, and saw 4 of its levels.
You also visited: Sewer.

You collected 166 gold pieces.

Inventory:

Missiles
 a - 57 arrows
Armour
 k - a +2 cloak (melded)
Jewellery
 j - a ring of see invisible (left front leg)
Wands
 f - a wand of flame (21/48)
Scrolls
 g - 3 scrolls of recharging
 o - 2 scrolls of noise
Potions
 d - a potion of haste
 e - 3 potions of cancellation
 h - a potion of brilliance
 l - 2 potions of flight
 m - 2 potions of curing
 n - 2 potions of heal wounds {unknown}
Books
 b - a book of Changes

   Spells                             Type                      Level
   a - Beastly Appendage              Transmutation                1
   b - Sticks to Snakes               Transmutation                2
   c - Spider Form                    Transmutation/Poison         3
   d - Ice Form                       Ice/Transmutation            4
   e - Blade Hands                    Transmutation                5
Comestibles
 c - 2 bread rations
 i - a meat ration
 p - 2 royal jellies


   Skills:
 - Level 1.1 Fighting
 - Level 1.7 Dodging
 * Level 6.7 Unarmed Combat
 - Level 2.0 Spellcasting
 - Level 4.6 Transmutations
 - Level 1.6 Poison Magic


You had one spell level left.
You knew the following spells:

 Your Spells              Type           Power        Failure   Level  Hunger
a - Beastly Appendage     Tmut           ###...       11%         1    #......
b - Spider Form           Tmut/Pois      ##........   36%         3    ###....
c - Blade Hands           Tmut           ###.......   83%         5    ######.


Dungeon Overview and Level Annotations

Branches:
Dungeon (4/15)
 Temple: D:4-7

Altars:
Cheibriados
Nemelex Xobeh
Trog
Vehumet


Innate Abilities, Weirdness & Mutations

((You can breathe blasts of scalding, opaque steam.))
((Your pale cyan-grey scales are hard. (AC +6)))
You cannot fit into any form of body armour.
((You are cold-blooded and may be slowed by cold attacks.))


Message History

You barely miss the orc.
The orc is moderately wounded.
You kill the orc!
The orc priest looks satisfied for a moment.
The orc wizard points at you and mumbles some strange words.
The magic dart hits you!
* * * LOW HITPOINT WARNING * * *
The orc misses you. The orc hits you with a club.
* * * LOW HITPOINT WARNING * * *
The orc wizard casts a spell at you. The magic dart hits you!
* * * LOW HITPOINT WARNING * * *
Things that are here:
a dagger; an orc corpse The orc wizard casts a spell at you.
You resist with some effort.
The orc wizard points at you and mumbles some strange words.
The magic dart hits you!
You die...

#.# #.# #.# #.#
#.# #. .# #.# #.
#.# #.# #####.#
..# #.# .....#
..# #.#
#.#..###.# #.#
#s#.#...######.#
#o...#...!.....#
#....o.........#
#o)).#########.#
#$#.## #.# #.###
#.# #.# #.# #.#
#.# #.. .# ...
...


You could see an orc priest, an orc wizard and an orc.

Vanquished Creatures
  Grinder (D:4)
  An ogre (D:4)
  A big kobold (Sewer)
  Crazy Yiuf (D:2)
  An orc wizard (D:4)
  6 adders
  2 river rats (Sewer)
  An ooze (D:4)
  4 worms
  3 dart slugs
  2 leopard geckos
  3 orcs
  3 giant cockroaches
  7 goblins
  6 hobgoblins
  5 jackals
  15 kobolds
  2 quokkas (D:2)
  11 bats
  4 frilled lizards
  5 rats
84 creatures vanquished.

Notes
Turn   | Place    | Note
-------+----------+-------------------------------------------
     0 | D:1      | hilaritas the Draconian Transmuter began the quest for the Orb.
     0 | D:1      | Reached XP level 1. HP: 16/16 MP: 3/3
   315 | D:1      | Reached XP level 2. HP: 13/23 MP: 5/5
   947 | D:2      | Reached skill level 4 in Unarmed Combat
  1089 | D:2      | Reached XP level 3. HP: 8/28 MP: 6/6
  1194 | D:2      | Learned a level 3 spell: Spider Form
  1328 | D:2      | Found a runed door.
  1470 | D:2      | Found a sparkling altar of Nemelex Xobeh.
  1685 | D:2      | Found a bloodstained altar of Trog.
  1877 | D:2      | Reached XP level 4. HP: 33/35 MP: 5/7
  2021 | D:2      | Noticed Crazy Yiuf
  2029 | D:2      | Killed Crazy Yiuf
  2439 | D:3      | Found a glowing drain.
  2448 | Sewer    | Entered a sewer
  2769 | Sewer    | Noticed a big kobold
  2787 | Sewer    | Reached XP level 5. HP: 40/40 MP: 8/8
  2802 | Sewer    | Reached skill level 1 in Poison Magic
  2846 | Sewer    | Found a white marble altar of Elyvilon.
  3039 | D:3      | Found a snail-covered altar of Cheibriados.
  3910 | D:4      | Noticed an ogre
  3928 | D:4      | Killed an ogre
  3928 | D:4      | Reached skill level 5 in Unarmed Combat
  3928 | D:4      | Reached XP level 6. HP: 47/47 MP: 6/9
  3981 | D:4      | Learned a level 5 spell: Blade Hands
  3998 | D:4      | Found a radiant altar of Vehumet.
  4085 | D:4      | Noticed Grinder
  4095 | D:4      | Paralysed by Grinder for 2 turns
  4111 | D:4      | Killed Grinder
  4111 | D:4      | Reached skill level 6 in Unarmed Combat
  4111 | D:4      | Your scales start taking on a pale cyan-grey colour.
  4111 | D:4      | Reached XP level 7. HP: 35/52 MP: 8/10
  4132 | D:4      | HP: 1/52 [orc wizard/magic dart (6)]
  4135 | D:4      | Killed from afar by an orc wizard

Skill      XL: |  1  2  3  4  5  6 |
---------------+-------------------+-----
Unarmed Combat | 4 5 6 |  6.7
Transmutations | 3 4 |  4.6
Poison Magic   | 1 |  1.6
Fighting       | |  1.1
Dodging        | |  1.7
Spellcasting   | |  2.0

Action                   |  1- 3 |  4- 6 |  7- 9 || total
-------------------------+-------+-------+-------++-------
Melee: Unarmed           |   119 |   198 |     8 ||   325
       Kick              |     9 |    16 |       ||    25
       Tailslap          |     6 |    25 |       ||    31
       Headbutt          |     4 |     8 |       ||    12
       Punch             |     2 |     3 |       ||     5
 Cast: Beastly Appendage |    22 |    29 |       ||    51
       Spider Form       |       |     2 |     1 ||     3
  Use: Scroll            |    10 |     2 |       ||    12
       Potion            |     1 |       |       ||     1
  Eat: Chunk             |     4 |     7 |       ||    11
Armor: Skin              |    57 |    81 |       ||   138
Dodge: Dodged            |   138 |   138 |     5 ||   281
